Map: Royal Blood LE

Players

Rail

  • Race: Protoss Protoss
  • Spawn Location: 7:00

DnS - Winner!

  • Race: Protoss Protoss
  • Spawn Location: 1:00

Event: ESL SC2 Masters 2023 Summer (Finals)

VOD

Have the link to the VOD?

Description

Time

  • Played on: June 16, 2023, 4:52 a.m.
  • Length: 13:43

All games in this series

Show
View Real Time Build Order
Export as new Build Order

Rail Protoss 

Build Orders: Oracle Opening, Dark Templar Rush 

Get SALT Encoding   

  12  0:00  Probe  
  13  0:12  Probe  
  14  0:18  Pylon  
  14  0:24  Probe (Chrono Boost)  
  15  0:36  Probe (Chrono Boost)  
  15  0:37  Gateway  
  16  0:45  Probe (Chrono Boost)  
  16  0:46  Assimilator  
  17  0:51  Probe  
  17  0:54  Assimilator  
  18  1:03  Probe (Chrono Boost)  
  19  1:07  Gateway  
  19  1:13  Probe (Chrono Boost)  
  19  1:18  Probe (Chrono Boost)  
  21  1:25  Cybernetics Core  
  21  1:29  Probe  
  22  1:36  Pylon  
  22  1:41  Probe  
  23  2:02  Stargate, Adept  
  23  2:03  Adept  
  23  2:07  Warp Gate  
  27  2:14  Pylon  
  27  2:21  Probe  
  28  2:32  Adept  
  28  2:33  Adept  
  32  2:45  Oracle (Chrono Boost)  
  35  3:02  Adept  
  35  3:03  Adept  
  39  3:18  Twilight Council  
  35  3:28  Nexus  
  35  3:35  Pylon  
  35  3:48  Probe  
  32  3:54  Dark Shrine  
  32  3:57  Stalker  
  32  3:58  Zealot  
  36  4:05  Shield Battery  
  36  4:19  Stalker  
  36  4:21  Stalker  
  36  4:23  Shield Battery  
  40  4:32  Pylon  
  40  4:44  Pylon  
  38  4:50  Stalker  
  40  4:55  Stalker  
  40  4:58  Shield Battery  
  42  5:00  Gateway  
  42  5:10  Dark Templar  
  42  5:14  Gateway  
  42  5:16  Pylon  
  46  5:37  Pylon  
  44  5:47  Stalker  
  46  5:56  Stalker  
  48  6:02  Blink (Chrono Boost)  
  48  6:10  Stalker  
  44  6:14  Stalker  
  46  6:20  Stalker  
  48  6:33  Stalker  
  48  6:37  Stalker  
  52  6:44  Stalker  
  54  6:48  Nexus  
  54  6:57  Stalker  
  56  7:03  Stalker  
  56  7:06  Probe  
  59  7:13  Stalker  
  61  7:19  Probe  
  62  7:25  Robotics Facility  
  62  7:32  Pylon  
  62  7:34  Probe  
  63  7:42  Stalker  
  65  7:49  Probe  
  66  8:00  Probe  
  66  8:02  Probe  
  68  8:06  Stalker  
  68  8:12  Probe, Observer (Chrono Boost)  
  72  8:15  Observer  
  72  8:16  Stalker  
  72  8:18  Probe  
  71  8:26  Probe (Chrono Boost)  
  72  8:30  Probe (Chrono Boost)  
  72  8:32  Observer  
  73  8:35  Pylon, Sentry  
  77  8:41  Probe (Chrono Boost)  
  77  8:42  Probe (Chrono Boost)  
  77  8:43  Assimilator  
  77  8:46  Probe (Chrono Boost)  
  78  8:49  Probe  
  78  8:50  Assimilator  
  78  8:52  Sentry  
  81  9:00  Gateway  
  81  9:05  Gateway  
  81  9:08  Gateway  
  81  9:18  Immortal (Chrono Boost)  
  85  9:38  Pylon  
  85  9:40  Nexus  
  85  9:50  Immortal (Chrono Boost)  
  89  9:57  Probe  
  90  10:00  Stalker  
  90  10:02  Sentry  
  94  10:07  Phoenix  
  96  10:14  Stalker  
  96  10:20  Dark Templar  
  100  10:27  Warp Prism (Chrono Boost)  
  100  10:32  Sentry  
  104  10:36  Pylon  
  104  10:47  Stalker  
  104  10:48  Stalker  
  108  10:57  Stalker x2  
  108  11:01  Stalker  
  114  11:10  Stalker  
  116  11:11  Stalker  
  118  11:24  Stalker x2  
  122  11:26  Adept  
  112  11:46  Stalker  
  112  11:47  Stalker x2  
  107  11:53  Stalker  
  99  12:02  Stalker  
  99  12:07  Stalker  
  103  12:11  Stalker  
  103  12:13  Zealot  
  107  12:22  Stalker x2  
  93  12:36  Stalker x2  
  97  12:37  Zealot x2  
  97  12:38  Probe  
  97  12:39  Probe  
  101  12:46  Adept x2  
  105  12:54  Probe, Adept  
  105  12:55  Adept  
  105  12:56  Adept  
  112  13:01  Adept  
  112  13:02  Adept  
  112  13:10  Stalker  
  102  13:16  Probe, Zealot x2  
  89  13:22  Dark Templar  
  89  13:24  Zealot  
Show
View Real Time Build Order
Export as new Build Order

DnS Protoss - Winner!

Build Orders:  

Get SALT Encoding   

  12  0:00  Probe  
  13  0:12  Probe  
  14  0:17  Pylon  
  14  0:24  Probe (Chrono Boost)  
  15  0:36  Probe (Chrono Boost)  
  15  0:37  Gateway  
  16  0:45  Probe (Chrono Boost)  
  16  0:46  Assimilator  
  17  0:51  Probe  
  17  0:54  Assimilator  
  18  1:03  Probe (Chrono Boost)  
  19  1:07  Gateway  
  19  1:13  Probe (Chrono Boost)  
  19  1:18  Probe  
  20  1:24  Cybernetics Core  
  21  1:30  Probe  
  22  1:35  Pylon  
  22  1:42  Probe  
  23  1:54  Probe  
  23  1:58  Warp Gate (Chrono Boost)  
  23  2:00  Stalker, Sentry  
  28  2:06  Probe  
  29  2:11  Pylon  
  29  2:24  Stalker  
  31  2:31  Stalker  
  33  2:48  Stargate  
  33  2:55  Robotics Facility  
  33  2:56  Gateway  
  33  2:58  Shield Battery  
  33  3:07  Stalker  
  33  3:08  Stalker  
  33  3:09  Probe  
  31  3:21  Probe  
  31  3:26  Pylon  
  31  3:41  Warp Prism (Chrono Boost)  
  32  3:52  Probe  
  33  3:56  Stalker  
  35  4:04  Probe  
  36  4:10  Observer  
  37  4:31  Stalker x3  
  37  4:37  Probe  
  44  4:50  Probe  
  44  4:51  Twilight Council  
  45  5:11  Stalker  
  47  5:15  Pylon  
  47  5:20  Observer  
  47  5:29  Nexus  
  47  5:32  Observer  
  47  5:35  Sentry  
  49  5:38  Probe  
  50  5:57  Observer (Chrono Boost)  
  49  6:02  Probe  
  45  6:06  Sentry  
  47  6:14  Probe  
  48  6:26  Probe (Chrono Boost)  
  49  6:34  Pylon  
  49  6:38  Probe (Chrono Boost)  
  50  6:43  Probe (Chrono Boost)  
  50  6:44  Probe (Chrono Boost), Blink (Chrono Boost)  
  52  6:53  Probe  
  53  6:54  Probe  
  53  6:55  Adept x2  
  53  6:59  Shield Battery  
  58  7:04  Observer  
  58  7:07  Probe x2  
  60  7:20  Immortal (Chrono Boost)  
  60  7:29  Probe x2  
  66  7:32  Stalker  
  68  7:42  Probe x2  
  70  7:44  Stalker  
  70  7:48  Pylon  
  72  7:54  Probe x2  
  74  8:06  Probe x2 (Chrono Boost)  
  76  8:15  Probe x2 (Chrono Boost)  
  76  8:18  Observer  
  78  8:20  Probe x2 (Chrono Boost)  
  78  8:30  Stalker x3  
  78  8:32  Probe x2  
  84  8:34  Assimilator  
  84  8:36  Pylon  
  84  8:44  Probe x2  
  86  8:48  Nexus  
  86  8:52  Pylon  
  86  8:59  Stalker x2  
  90  9:04  Stalker  
  90  9:07  Probe  
  90  9:09  Probe  
  94  9:11  Shield Battery  
  94  9:19  Forge  
  94  9:26  Immortal (Chrono Boost)  
  98  9:32  Stalker  
  98  9:35  Stalker  
  102  9:40  Pylon  
  102  9:43  Pylon  
  102  9:49  Protoss Ground Weapons Level 1 (Chrono Boost)  
  102  9:52  Gateway  
  102  9:57  Pylon  
  102  10:02  Charge  
  102  10:08  Stalker  
  102  10:11  Stalker, Sentry  
  108  10:18  Gateway  
  108  10:24  Immortal (Chrono Boost)  
  112  10:31  Probe x2  
  112  10:32  Probe  
  115  10:37  Stalker  
  117  10:43  Stalker x2  
  117  10:48  Probe  
  117  10:49  Probe x2  
  124  10:53  Observer  
  124  10:57  Gateway x2  
  124  11:02  Pylon  
  122  11:05  Observer  
  122  11:06  Probe x3, Assimilator  
  122  11:10  Stalker  
  122  11:11  Stalker  
  129  11:17  Stalker x2  
  133  11:24  Stalker  
  135  11:39  Immortal (Chrono Boost)  
  123  11:45  Stalker x3  
  123  11:46  Stalker  
  119  12:00  Stalker x3  
  113  12:09  Stalker x3  
  113  12:10  Stalker  
  101  12:25  Stalker x3  
  101  12:27  Immortal (Chrono Boost)  
  103  12:32  Zealot  
  103  12:33  Zealot x3  
  105  12:46  Shield Battery  
  105  12:48  Stalker  
  105  12:49  Stalker x2  
  109  12:53  Zealot x3  
  109  12:56  Observer (Chrono Boost), Stalker  
  102  13:13  Stalker x3  
  102  13:16  Zealot x3  
  105  13:24  Shield Battery  
  104  13:31  Stalker  
  106  13:36  Zealot x4  
Tags
 
Add a new tag
Caveats
  • Supply blocks, unpowered buildings, or Contaminate may cause inaccurate times.
  • Supply counts are checked every 10 seconds.